 Dungeon Crawl Stone Soup version 0.14-a0-1637-gd423c14 (webtiles) character file.

132 CrazyArbalest the Cudgeler (level 3, -3/40 HPs)
             Began as an Ogre Berserker on Dec 26, 2013.
             Was a Believer of Trog.
             Slain by an inept staircase mimic (4 damage)
             ... on Level 2 of the Dungeon.
             The game lasted 00:12:44 (937 turns).

CrazyArbalest the Cudgeler (Ogre Berserker)          Turns: 937, Time: 00:12:44

HP  -3/40        AC  3     Str 22      XL: 3   Next: 75%
MP   3/3         EV 10     Int  7      God: Trog [**....]
Gold 83          SH  0     Dex  9      Spells:  0 memorised,  2 levels left

rFire  . . .     SeeInvis .     h - +0 mace
rCold  . . .     Clarity  .     b - +0 animal skin
rNeg   . . .     Conserve .     (shield restricted)
rPois  .         rCorr    .     (helmet restricted)
rElec  .         rRot     .     (no cloak)
SustAb . .       Spirit   .     (gloves unavailable)
rMut   .         Warding  .     (boots unavailable)
Saprov + . .     Stasis   .     (no amulet)
                                (no ring)
                                (no ring)

@: held, slightly resistant to hostile enchantments, very unstealthy
A: unfitting armour, fast metabolism 1, saprovore 1, tough skin 1
a: Burn Spellbooks, Berserk, Trog's Hand, Renounce Religion


You were on level 2 of the Dungeon.
You worshipped Trog.
Trog was pleased with you.
You were very hungry.

You visited 1 branch of the dungeon, and saw 2 of its levels.

You collected 83 gold pieces.

Inventory:

Hand weapons
 a - a +0,+0 mace
 h - a +0,+0 mace (weapon)
Armour
 b - a +0 animal skin (worn)
Comestibles
 c - 3 meat rations
 j - 2 bread rations
Scrolls
 d - 3 scrolls of identify {unknown}
 i - a scroll of amnesia {unknown}
 k - a scroll of blinking {unknown}
 m - 2 scrolls of remove curse {unknown}
Jewellery
 f - a cursed ring of teleportation {unknown}
Potions
 e - 3 potions of curing {unknown}
 g - a potion of flight {unknown}
 l - a potion of might {unknown}
 n - a potion of confusion {unknown}
 o - a potion of degeneration {unknown}


   Skills:
 + Level 4.5 Fighting
 + Level 4.8 Maces & Flails
 + Level 3.6 Dodging


You had 2 spell levels left.
You didn't know any spells.

Dungeon Overview and Level Annotations

Branches:
Dungeon (2/16)

Altars:
Xom
the Shining One


Innate Abilities, Weirdness & Mutations

You are too large for most types of armour.
You have a fast metabolism.
You can tolerate rotten meat.
You have tough skin (AC +1).


Message History

The inept staircase mimic closely misses you.
You hit the inept staircase mimic.
The inept staircase mimic is severely damaged.
The inept staircase mimic hits you.
You completely miss the inept staircase mimic.
The inept staircase mimic is severely damaged.
The inept staircase mimic hits you.
* * * LOW HITPOINT WARNING * * *
You hit the inept staircase mimic but do no damage.
The inept staircase mimic is severely damaged.
The inept staircase mimic hits you.
* * * LOW HITPOINT WARNING * * *
You hit the inept staircase mimic but do no damage.
The inept staircase mimic is severely damaged.
The inept staircase mimic hits you.
* * * LOW HITPOINT WARNING * * *
You hit the inept staircase mimic but do no damage.
The inept staircase mimic is severely damaged.
The inept staircase mimic hits you.
You die...

# #####.# ######
#.....### #....#
#.........
#....# ##<###
#....# #@...#
#....# #..#.#
#....#
##.##....# #
#....#
#......###.#
#....#
#######....#
#..).# #.####
#....#
#.#########....#
#..>...........'
###.########...#


You could see an inept staircase mimic.

Vanquished Creatures
  2 adders (D:2)
  A ball python (D:2)
  3 bats (D:1)
  4 goblins (D:1)
  5 hobgoblins
  3 kobolds
  2 oozes (D:1)
  2 giant cockroaches (D:1)
  2 giant newts (D:2)
  3 rats
27 creatures vanquished.

Notes
Turn   | Place    | Note
--------------------------------------------------------------
     0 | D:1      | CrazyArbalest, the Ogre Berserker, began the quest for the Orb.
     0 | D:1      | Reached XP level 1. HP: 24/24 MP: 1/1
   133 | D:1      | Reached XP level 2. HP: 24/33 MP: 2/2
   411 | D:1      | Acquired Trog's second power
   552 | D:2      | Reached XP level 3. HP: 26/40 MP: 3/3
   829 | D:2      | Found a glowing golden altar of the Shining One.
   829 | D:2      | Found a shimmering altar of Xom.
   936 | D:2      | HP: 1/40 [inept staircase mimic (5)]
   937 | D:2      | Slain by an inept staircase mimic

Action                   || total
-------------------------++-------
Melee: Mace              ||   119
